 Dungeon Crawl Stone Soup version 0.26-a0-491-g70697cc071 (webtiles) character file.

Game seed: 1555469029683673632

518 BeastOfSaturn the Slasher (level 7, -1/52 HPs)
             Began as a Demonspawn Warper on Aug 5, 2020.
             Killed by divine providence
             ... invoked by an orc priest
              (14 damage)
             ... on level 3 of the Dungeon.
             The game lasted 00:09:24 (5276 turns).

BeastOfSaturn the Slasher (Demonspawn Warper)       Turns: 5276, Time: 00:09:24

Health: -1/52      AC:  9    Str: 14    XL:     7   Next: 1%
Magic:  10/10      EV:  7    Int: 14    God:
Gold:   18         SH:  0    Dex: 12    Spells: 10/10 levels left

rFire    . . .     SeeInvis .   a - +1 falchion
rCold    . . .     Faith    .   (no shield)
rNeg     . . .     Spirit   .   n - +1 chain mail
rPois    .         Reflect  .   (helmet restricted)
rElec    .         Harm     .   (no cloak)
rCorr    .                      (no gloves)
MR       .....                  (no boots)
Stlth    ..........             (no amulet)
HPRegen  0.17/turn              g - ring of stealth
MPRegen  0.12/turn              (no ring)

@: no status effects
A: horns 2
a: no special abilities


You were on level 3 of the Dungeon.
You visited 1 branch of the dungeon, and saw 4 of its levels.

You collected 98 gold pieces.
You spent 80 gold pieces at shops.

Inventory:

Hand Weapons
 a - a +1 falchion (weapon)
Missiles
 e - 5 boomerangs of dispersal (quivered)
 o - 8 boomerangs
Armour
 b - a +0 leather armour
 n - a +1 chain mail (worn)
Jewellery
 g - a ring of stealth (left hand)
Wands
 f - a wand of flame (9)
Scrolls
 c - a scroll of immolation {unknown}
 d - a scroll of blinking
 h - 3 scrolls of remove curse
 j - 3 scrolls of enchant armour
Potions
 i - a potion of berserk rage {unknown}
 k - 3 potions of curing
 p - a potion of stabbing {unknown}


   Skills:
 * Level 3.6 Fighting
 * Level 5.8 Long Blades
 - Level 0.8 Throwing
 - Level 0.8 Armour
 * Level 3.0 Dodging
 - Level 2.0 Spellcasting
   Level 2.6 Translocations


You had 10 spell levels left.
You didn't know any spells.
Your spell library contained the following spells:

 Spells                   Type           Power        Failure   Level
 Blink                    Tloc           N/A          98%         2
 Gell's Gravitas          Tloc           #.........   100%        3
 Lesser Beckoning         Tloc           #.........   100%        3
 Teleport Other           Tloc           #.......     100%        3
 Passage of Golubria      Tloc           N/A          100%        4


Dungeon Overview and Level Annotations

Branches:
Dungeon (4/15)
 Temple: D:4-7

Altars:
Elyvilon
Makhleb
Zin

Shops:
D:4 !

Annotations:
D:2 Grinder


Innate Abilities, Weirdness & Mutations

You have a pair of horns on your head.


Message History

The orc priest is lightly wounded.
The orc priest completely misses you.
You riposte.
You hit the orc priest.
The orc priest is moderately wounded.
You hit the orc priest but do no damage.
The orc priest is moderately wounded.
The orc priest calls down the wrath of Beogh upon you.
Pain shoots through your body!
You hit the orc priest. You headbutt the orc priest!
The orc priest is almost dead.
The orc priest hits you but does no damage.
You closely miss the orc priest.
The orc priest is almost dead.
The orc priest mumbles some strange prayers to Beogh against you.
Beogh smites you!
* * * LOW HITPOINT WARNING * * *
You closely miss the orc priest. Your headbutt misses the orc priest.
The orc priest is almost dead.
The orc priest invokes the aid of Beogh against you.
Beogh smites you!
You die...

########### #....#....# ######
###.........####....#
#....#...#..#....##.#
##########.##..o†##..#.#####.#
................@.......#....#
.......#.#######.###.##.#.####
...###.#.#### #.# #.##.#.#
............# #.# #.##.#.#
..##≈≈.≈≈##.####.# #....#.#
..##≈≈.≈≈##.#....# ######.##
..≈≈.....≈≈.#.#### #.......#
..≈≈....≈≈≈...##.# #.#######
#.≈≈.....≈≈......###'############


You could see an orc priest.

Vanquished Creatures
  Sigmund (D:2)
  An orc wizard (D:3)
  2 orc priests
  Jessica (D:3)
  An iguana (D:4)
  2 worker ants (D:4)
  3 gnolls (D:3)
  6 adders
  A river rat (D:3)
  4 worms
  2 dart slugs
  5 leopard geckos
  10 orcs
  A ball python (D:3)
  A giant cockroach (D:2)
  6 hobgoblins
  6 kobolds
  4 quokkas
  3 bats (D:1)
  5 frilled lizards
  3 goblins (D:1)
  5 rats
73 creatures vanquished.

Notes
Turn   | Place    | Note
-------+----------+-------------------------------------------
     0 | D:1      | BeastOfSaturn the Demonspawn Warper began the quest for the
                  | Orb.
     0 | D:1      | Reached XP level 1. HP: 16/16 MP: 3/3
   109 | D:1      | Reached skill level 2 in Long Blades
   212 | D:1      | Gained mutation: You have a pair of small horns on your
                  | head. [demonic ancestry]
   212 | D:1      | Reached XP level 2. HP: 13/22 MP: 5/5
  1109 | D:2      | Found a burning altar of Makhleb.
  1301 | D:2      | Noticed Sigmund
  1319 | D:1      | Reached XP level 3. HP: 6/28 MP: 6/6
  1825 | D:3      | Found a white marble altar of Elyvilon.
  2029 | D:3      | Reached skill level 3 in Long Blades
  2105 | D:3      | Reached XP level 4. HP: 23/34 MP: 7/7
  2369 | D:3      | Found a glowing drain.
  3165 | D:3      | Noticed Grinder
  3165 | D:3      | Paralysed by Grinder for 4 turns
  3236 | D:2      | Killed Sigmund
  3236 | D:2      | Reached skill level 4 in Long Blades
  3236 | D:2      | Reached XP level 5. HP: 41/41 MP: 8/8
  3236 | D:2      | Reached XP level 6. HP: 47/47 MP: 9/9
  3612 | D:3      | Noticed Jessica
  3626 | D:3      | Killed Jessica
  3656 | D:3      | Paralysed by Grinder for 6 turns
  3668 | D:2      | Paralysed by Grinder for 2 turns
  4028 | D:3      | Reached skill level 5 in Long Blades
  4179 | D:3      | Found a glowing silver altar of Zin.
  4483 | D:4      | Found Tukhloyps's Distillery.
  4488 | D:4      | Bought a potion of curing for 30 gold pieces
  4488 | D:4      | Bought a potion of heal wounds for 50 gold pieces
  5268 | D:3      | Gained mutation: You have a pair of horns on your head.
                  | [demonic ancestry]
  5268 | D:3      | Reached XP level 7. HP: 31/52 MP: 10/10
  5276 | D:3      | Killed from afar by an orc priest

Illustrated notes

Levels and vault maps discovered:
D:1:      zelgadis_glass_arrival_small, layout_basic
D:2:      layout_rooms, bloody_makhleb, palyth_stone_intersect,
          minmay_misc_feat_tiny, wad_orctagon, uniq_sigmund
D:3:      layout_basic, nicolae_overflow_crystal_walls, zin_statuary,
          cheibrodos_sewer_entry_sluice, uniq_grinder, uniq_jessica
D:4:      layout_loops_cross, serial_shops, nicolae_shop_statue_plus

Skill      XL: |  1  2  3  4  5  6 |
---------------+-------------------+-----
Long Blades    | 2 3 4 5 |  5.8
Dodging        | 2 3 |  3.0
Fighting       | 3 |  3.6
Throwing       | |  0.8
Armour         | |  0.8
Spellcasting   | |  2.0
Translocations | |  2.6

Action                   |  1- 3 |  4- 6 |  7- 9 || total
-------------------------+-------+-------+-------++-------
Melee: Falchion          |    93 |   202 |     8 ||   303
       Headbutt          |    13 |    23 |     1 ||    37
  Use: Potion            |     1 |     3 |       ||     4
       Scroll            |       |     7 |       ||     7
 Stab: Sleeping          |     7 |       |       ||     7
Armor: Leather armour    |    19 |       |       ||    19
       Chain mail        |    11 |   115 |     3 ||   129
Dodge: Dodged            |    63 |    60 |     1 ||   124
       Rpst.: Falchion   |    23 |    19 |     1 ||    43

Table legend: (Time is in decaauts)
 A = Elapsed time spent in this place.
 B = Non-inter-level travel time spent in this place.
 C = Inter-level travel time spent in this place.
 D = Time resting spent in this place.
 E = Time spent auto-exploring this place.
 F = Levels seen in this place.
 G = Mean time per level.
                   A        B        C        D        E       F      G
               +--------+--------+--------+--------+--------+-----+--------+
         Total |   5313 |   5123 |    190 |   1642 |   2738 |   4 | 1328.2 |
       Dungeon |   5313 |   5123 |    190 |   1642 |   2738 |   4 | 1328.2 |
               +--------+--------+--------+--------+--------+-----+--------+

Top non-repeatable levels by time:
     D:3: 2078 daAuts
     D:1: 1445 daAuts
     D:2: 1170 daAuts
     D:4: 619 daAuts
